AoeStats
← knut.lip

Black Forest

504709962Analyzed
1v1 RM · 26d ago on Sep 6, 2026· 47m 21s· 2 players
Game mode
Random Map
Map size
Tiny (2 player)
Population
200
Speed
Normal
Resources
Standard
Victory
Conquest
Starting age
Dark Age
Ending age
Imperial Age
RankedLock teamsTeams togetherTeam positionsShared explorationLock speedFull tech treeHidden civsTurbo modeCheats
Victory
Defeat
🇳🇿 Japanese · New Zealand
841
+15
🇩🇪 Byzantines · Germany
815
-36
knut.lip
10:06 Loom
12:58 Feudal Age
17:01 Castle Age
17:54 Horse Collar
18:01 Double-Bit Axe
29:31 Bow Saw
29:24 Heavy Plow
35:08 Imperial Age
37:06 Light Cavalry
37:47 Husbandry
37:52 Padded Archer Armor
38:00 Scale Barding Armor
38:06 Forging
39:04 Hussar
lasko
1:33 Loom
10:20 Feudal Age
10:42 Horse Collar
10:49 Double-Bit Axe
12:23 Man-at-Arms
16:57 Wheelbarrow
19:41 Castle Age
18:31 Scale Mail Armor
19:08 Gold Mining
19:11 Stone Mining
19:30 Fletching
22:22 Hand Cart
23:29 Crossbowman
24:31 Heavy Plow
25:44 Bow Saw
28:53 Thumb Ring
28:57 Long Swordsman
30:43 Hand Cart
30:54 Ballistics
36:37 Imperial Age
34:39 Bodkin Arrow
34:49 Bodkin Arrow
36:53 Gold Shaft Mining
37:55 Kataparuto
39:45 Elite Samurai
44:17 Forging
44:22 Chain Mail Armor
Connection lost

Rejoining the realm…

Still unreachable

The connection could not be restored.

Session expired

The server has moved on; the page needs a fresh start.